 Dungeon Crawl Stone Soup version 0.28.0-1-gb440e238dd (webtiles) character file.

Game seed: 789816592346299887

509 Ablot the Grasshopper (level 7, -9/56 HPs)
             Began as a Gnoll Warper on Feb 26, 2022.
             Mangled by an ogre (25 damage)
             ... on level 4 of the Dungeon.
             The game lasted 00:04:39 (4866 turns).

Ablot the Grasshopper (Gnoll Warper)                Turns: 4866, Time: 00:04:39

Health: -9/56      AC:  4    Str: 12    XL:     7   Next: 19%
Magic:  15/15      EV: 13    Int: 13    God:
Gold:   167        SH:  0    Dex: 11    Spells: 17/17 levels left

rFire   . . .      SeeInvis .   d - +2 dagger (venom)
rCold   + . .      Faith    .   (no shield)
rNeg    . . .      Spirit   .   b - +2 robe {rC+}
rPois   .          Reflect  .   (no helmet)
rElec   .          Harm     .   (no cloak)
rCorr   .          Rampage  .   (no gloves)
Will    .....                   (no boots)
Stlth   ++........              (no amulet)
HPRegen 0.18/turn               (no ring)
MPRegen 0.14/turn               (no ring)

@: no status effects
A: fangs 1, strong nose, distributed training
a: no special abilities


You were on level 4 of the Dungeon.
You visited 1 branch of the dungeon, and saw 4 of its levels.

You collected 167 gold pieces.

Inventory:

Hand Weapons
 a - a +0 spear
 d - a +2 dagger of venom (weapon)
 s - a +0 vorpal long sword
Missiles
 e - 69 stones
 h - 16 sling bullets
 j - 5 boomerangs of dispersal (quivered)
 k - 11 boomerangs
 o - 19 arrows
Armour
 b - a +2 robe of cold resistance (worn)
Wands
 t - a wand of mindburst (2)
Scrolls
 c - a scroll of blinking
 g - a scroll of fog {unknown}
 l - a scroll of identify {unknown}
 m - a scroll of amnesia {unknown}
 n - a scroll of summoning {unknown}
Potions
 f - 2 potions of magic {unknown}
 i - a potion of mutation {unknown}
 p - 2 potions of invisibility {unknown}
 q - a potion of flight {unknown}
 r - a potion of resistance {unknown}


   Skills:
 + Level 5.1 Fighting
 + Level 2.3 Short Blades
 + Level 2.3 Long Blades
 + Level 2.3 Axes
 + Level 2.3 Maces & Flails
 + Level 5.1 Polearms
 + Level 2.3 Staves
 + Level 2.3 Slings
 + Level 2.3 Bows
 + Level 2.3 Crossbows
 + Level 3.5 Throwing
 + Level 3.5 Armour
 + Level 5.1 Dodging
 + Level 2.3 Stealth
 + Level 2.3 Shields
 + Level 2.3 Unarmed Combat
 + Level 5.5 Spellcasting
 + Level 1.9 Conjurations
 + Level 1.9 Hexes
 + Level 1.9 Summonings
 + Level 1.9 Necromancy
 + Level 5.8 Translocations
 + Level 1.9 Transmutations
 + Level 1.9 Fire Magic
 + Level 1.9 Ice Magic
 + Level 1.9 Air Magic
 + Level 1.9 Earth Magic
 + Level 1.9 Poison Magic
 + Level 2.5 Invocations
 + Level 2.3 Evocations


You had 17 spell levels left.
You didn't know any spells.
Your spell library contained the following spells:

 Spells                   Type           Power      Damage    Failure   Level
 Blink                    Tloc           36%        N/A       2%          2
 Gell's Gravitas          Tloc           18%        N/A       4%          3
 Lesser Beckoning         Tloc           18%        N/A       4%          3
 Teleport Other           Tloc           18%        N/A       4%          3
 Manifold Assault         Tloc           18%        N/A       41%         5


Dungeon Overview and Level Annotations

Branches:
Dungeon (4/15)
 Temple: D:4-7

Altars:
Nemelex Xobeh

Shops:
D:3 :   D:4 [


Innate Abilities, Weirdness & Mutations

You have very sharp teeth.
Your uncanny sense of smell can sniff out nearby items.
Your experience applies equally to all skills.


Message History

An orc wizard comes into view. It is wielding a +0 dagger.
An orc comes into view. It is wielding a +0 club.
The orc moves out of view.
The orc wizard shouts!
An ogre comes into view. It is wielding a +0 giant club.
Found 7 arrows.
The orc priest miscasts a cantrip.
A worm comes into view.
You closely miss the orc. The orc hits you with a +0 flail!
Unknown command.
You hit the orc.
The orc is poisoned.
The orc is severely wounded.
You kill the orc!
The orc priest mumbles some strange prayers to Beogh against you.
Beogh smites you!
A jackal comes into view.
Unknown command.
You barely miss the ogre.
A jackal comes into view.
The ogre barely misses you.
The orc wizard casts a spell.
The orc wizard flickers and vanishes!
Deactivating autopickup; reactivate with Ctrl-A.
The jackal moves out of view.
You hit the ogre.
The ogre is lightly wounded.
The ogre hits you with a +0 giant club!!
* * * LOW HITPOINT WARNING * * *
Unknown command.
You hit the ogre.
The ogre is poisoned.
The ogre is lightly wounded.
Unknown command.
You hit the ogre.
The ogre is moderately wounded.
The ogre completely misses you.
Unknown command.
You hit the ogre but do no damage.
The ogre is moderately wounded.
The ogre hits you with a +0 giant club!!
You die...

#....## #.......#...#
#.#### ###.....#...#
### ##....#...#
###......# #......#
###......# #....#...#
#####+#####...#
#@.$..........#
....ooO##############∆
....w{h .......
....... .......
#..(... #...... ∆


You could see an ogre (very poisoned), a worm, an orc priest, an orc and a
jackal.

Vanquished Creatures
  Sigmund (D:3)
  A bullfrog (D:3)
  A water moccasin skeleton (D:4)
  A hound (D:4)
  Jessica (D:3)
  Ijyb (D:4)
  A hound skeleton (D:4)
  4 adders
  2 worms
  A dart slug (D:3)
  6 orcs
  9 ball pythons
  6 bats
  9 endoplasms
  2 giant cockroaches
  11 goblins
  6 hobgoblins
  3 jackals (D:2)
  9 kobolds
  5 quokkas
  7 frilled lizards
  3 rats
90 creatures vanquished.

Notes
Turn   | Place    | Note
-------+----------+-------------------------------------------
     0 | D:1      | Ablot the Gnoll Warper began the quest for the Orb.
     0 | D:1      | Reached XP level 1. HP: 20/20 MP: 6/6
    76 | D:1      | Reached XP level 2. HP: 26/26 MP: 7/7
   689 | D:1      | Reached XP level 3. HP: 13/31 MP: 9/9
   875 | D:1      | Reached skill level 5 in Spellcasting
  1511 | D:2      | Found a faded altar of an unknown god.
  1525 | D:2      | Reached skill level 1 in Invocations
  1836 | D:2      | Reached skill level 1 in Short Blades
  1836 | D:2      | Reached skill level 1 in Long Blades
  1836 | D:2      | Reached skill level 1 in Axes
  1836 | D:2      | Reached skill level 1 in Maces & Flails
  1836 | D:2      | Reached skill level 1 in Staves
  1836 | D:2      | Reached skill level 1 in Slings
  1836 | D:2      | Reached skill level 1 in Bows
  1836 | D:2      | Reached skill level 1 in Crossbows
  1836 | D:2      | Reached skill level 1 in Stealth
  1836 | D:2      | Reached skill level 1 in Shields
  1836 | D:2      | Reached skill level 1 in Unarmed Combat
  1836 | D:2      | Reached skill level 1 in Evocations
  2015 | D:2      | Reached XP level 4. HP: 31/38 MP: 11/11
  2471 | D:3      | Found Wolom's Book Shop.
  2584 | D:3      | Reached skill level 1 in Conjurations
  2584 | D:3      | Reached skill level 1 in Hexes
  2584 | D:3      | Reached skill level 1 in Summonings
  2584 | D:3      | Reached skill level 1 in Necromancy
  2584 | D:3      | Reached skill level 1 in Transmutations
  2584 | D:3      | Reached skill level 1 in Fire Magic
  2584 | D:3      | Reached skill level 1 in Ice Magic
  2584 | D:3      | Reached skill level 1 in Air Magic
  2584 | D:3      | Reached skill level 1 in Earth Magic
  2584 | D:3      | Reached skill level 1 in Poison Magic
  2620 | D:3      | Noticed a bullfrog
  2629 | D:3      | Killed a bullfrog
  2630 | D:3      | Reached XP level 5. HP: 28/43 MP: 12/12
  3739 | D:3      | Noticed Sigmund
  3758 | D:3      | Killed Sigmund
  3759 | D:3      | Reached skill level 5 in Fighting
  3759 | D:3      | Reached skill level 5 in Polearms
  3759 | D:3      | Reached skill level 5 in Dodging
  3759 | D:3      | Reached XP level 6. HP: 20/51 MP: 14/14
  4004 | D:3      | Noticed Jessica
  4006 | D:3      | Killed Jessica
  4287 | D:4      | Found Yzoogoicw's Armour Emporium.
  4289 | D:4      | Noticed Ijyb
  4302 | D:4      | Killed Ijyb
  4598 | D:4      | Found a sparkling altar of Nemelex Xobeh.
  4614 | D:4      | Reached XP level 7. HP: 24/56 MP: 15/15
  4866 | D:4      | Mangled by an ogre

Illustrated notes

Levels and vault maps discovered:
D:1:      amcnicky_arrival_single_pillar, layout_basic
D:2:      layout_basic, nicolae_ecumenical_lake_church, corexii_shack,
          minmay_circle_x
D:3:      layout_basic, serial_shops, nicolae_shop_statue_plus, uniq_jessica,
          uniq_sigmund
D:4:      layout_basic, grunt_temple_overflow_bloody_war,
          mainiacjoe_overflow_six_doors_small,
          chequers_temple_overflow_minitemple, nicolae_stop_n_shop_2, uniq_ijyb

Skill      XL: |  1  2  3  4  5 |
---------------+----------------+-----
Spellcasting   | 5 |  5.5
Invocations    | 1 2 |  2.5
Short Blades   | 1 2 |  2.3
Long Blades    | 1 2 |  2.3
Axes           | 1 2 |  2.3
Maces & Flails | 1 2 |  2.3
Staves         | 1 2 |  2.3
Slings         | 1 2 |  2.3
Bows           | 1 2 |  2.3
Crossbows      | 1 2 |  2.3
Stealth        | 1 2 |  2.3
Shields        | 1 2 |  2.3
Unarmed Combat | 1 2 |  2.3
Evocations     | 1 2 |  2.3
Conjurations   | 1 |  1.9
Hexes          | 1 |  1.9
Summonings     | 1 |  1.9
Necromancy     | 1 |  1.9
Transmutations | 1 |  1.9
Fire Magic     | 1 |  1.9
Ice Magic      | 1 |  1.9
Air Magic      | 1 |  1.9
Earth Magic    | 1 |  1.9
Poison Magic   | 1 |  1.9
Throwing       | 3 |  3.5
Armour         | 3 |  3.5
Fighting       | 5 |  5.1
Polearms       | 5 |  5.1
Dodging        | 5 |  5.1
Translocations | |  5.8

Action                   |  1- 3 |  4- 6 |  7- 9 || total
-------------------------+-------+-------+-------++-------
Melee: Spear             |    13 |       |       ||    13
       Long sword        |    65 |    17 |       ||    82
       Bite              |     7 |    18 |       ||    25
       Dagger            |    39 |   120 |    10 ||   169
       Punch             |       |     4 |       ||     4
 Stab: Sleeping          |       |     5 |     1 ||     6
Armor: Leather armour    |    31 |    12 |       ||    43
       Robe              |       |     5 |       ||     5
Dodge: Dodged            |    68 |    73 |     2 ||   143
